 Dungeon Crawl Stone Soup version 0.27-a0-1219-g958d993ae5 (webtiles) character file.

Game seed: 16325192806418294834

62856 siradein the Grappler (level 14, -16/129 (140) HPs)
             Began as a Troll Hunter on June 7, 2021.
             Was a High Priest of Wu Jian.
             Demolished by a komodo dragon (21 damage)
             ... on level 6 of the Lair of Beasts.
             The game lasted 00:49:13 (16110 turns).

siradein the Grappler (Troll Hunter)               Turns: 16110, Time: 00:49:14

HP:   -16/129 (140) AC: 11    Str: 25    XL:     14   Next: 65%
MP:   0/13          EV: 21    Int:  7    God:    Wu Jian [*****.]
Gold: 1204          SH:  0    Dex: 12    Spells: 13/13 levels left

rFire    . . .     SeeInvis +   S - +4 double sword (vamp)
rCold    . . .     Faith    .   (no shield)
rNeg     . . .     Spirit   +   B - +5 robe of Night {Dark Will+ SInv}
rPois    .         Reflect  .   (helmet restricted)
rElec    .         Harm     .   l - +0 cloak
rCorr    .         Rampage  .   (gloves unavailable)
Will     ++...                  (boots unavailable)
Stlth    +.........             A - amulet of guardian spirit
HPRegen  1.31/turn              y - +4 ring of evasion
MPRegen  0.13/turn              j - +4 ring of evasion

@: hasted and slowed, drained
A: large, unfitting armour, claws 3, regeneration 1, shaggy fur 1, tough skin 1
a: Renounce Religion, Wall Jump, Serpent's Lash, Heavenly Storm


You were on level 6 of the Lair of Beasts.
You worshipped Wu Jian.
Wu Jian was extremely pleased with you.
You visited 3 branches of the dungeon, and saw 18 of its levels.

You collected 1204 gold pieces.

Inventory:

Hand Weapons
 F - the +9 long sword of Rotation {flame, rElec rN+}
   (You found it on level 8 of the Dungeon)

   It has been specially enchanted to burn those struck by it, causing extra
   injury to most foes and up to half again as much damage against particularly
   susceptible opponents.
   Big, fiery blades are also staple armaments of hydra-hunters.
   It insulates you from electricity.
   It protects you from negative energy.
 S - a +4 vampiric double sword (weapon)
Missiles
 c - 13 large rocks
 d - 7 throwing nets
 f - 870 stones (quivered)
 g - 51 poisoned darts
 i - 13 boomerangs
Armour
 l - a +0 cloak (worn)
 B - the +5 robe of Night (worn) {Dark Will+ SInv}
   (You took it off an orc sorcerer on level 8 of the Dungeon)

   It lets you see invisible.
   It increases your willpower.
Jewellery
 b - a ring of wizardry
 j - a +4 ring of evasion (right claw)
 m - a ring of resist corrosion
 r - a +4 ring of protection
 s - a +6 ring of strength
 u - a +6 ring of dexterity
 y - a +4 ring of evasion (left claw)
 A - an amulet of guardian spirit (around neck)
 E - a ring of fire
 N - a ring of see invisible
 P - a ring of ice
Wands
 n - a wand of acid (8)
 t - a wand of digging (5)
 v - a wand of flame (98)
 C - a wand of paralysis (23)
 D - a wand of polymorph (15)
 T - a wand of iceblast (7)
Scrolls
 h - 4 scrolls of enchant armour
 k - 3 scrolls of magic mapping
 q - 6 scrolls of teleportation
 H - a scroll of brand weapon
 I - 2 scrolls of amnesia
 J - a scroll of acquirement
 K - 4 scrolls of holy word
 L - a scroll of fear {unknown}
 O - a scroll of blinking
Potions
 a - 2 potions of berserk rage
 e - 4 potions of mutation
 o - 5 potions of might
 p - a potion of brilliance
 w - 8 potions of haste
 x - 3 potions of curing
 z - a potion of magic
 G - a potion of cancellation
 M - a potion of ambrosia
 Q - a potion of resistance {unknown}


   Skills:
 + Level 9.2 Fighting
 + Level 5.0 Long Blades
 - Level 4.6(5.0) Slings
 - Level 3.6(5.4) Throwing
 + Level 9.0 Armour
 + Level 9.2 Dodging
 - Level 0.3 Stealth
 + Level 12.2 Unarmed Combat
 + Level 8.3 Evocations


You had 13 spell levels left.
You didn't know any spells.
Your spell library contained the following spells:

 Spells                   Type           Power      Damage    Failure   Level
 Animate Skeleton         Necr           0%         N/A       43%         1
 Apportation              Tloc           0%         N/A       43%         1
 Corona                   Hex            0%         N/A       43%         1
 Foxfire                  Conj/Fire      0%         2x1d4     43%         1
 Magic Dart               Conj           0%         1d3       43%         1
 Sandblast                Erth           0%         2d4       43%         1
 Sting                    Tmut/Pois      0%         1d3       43%         1
 Summon Small Mammal      Summ           0%         N/A       43%         1
 Call Imp                 Summ           0%         N/A       56%         2
 Passwall                 Tmut/Erth      0%         N/A       56%         2
 Poisonous Vapours        Pois/Air       0%         N/A       56%         2
 Searing Ray              Conj           0%         3d3       56%         2
 Call Canine Familiar     Summ           0%         N/A       80%         3
 Confusing Touch          Hex            0%         N/A       80%         3
 Conjure Flame            Conj/Fire      0%         6-21      80%         3
 Dazzling Flash           Conj/Hex       0%         N/A       80%         3
 Gell's Gravitas          Tloc           0%         N/A       80%         3
 Ignite Poison            Fire/Tmut/Pois 0%         N/A       80%         3
 Inner Flame              Hex/Fire       0%         N/A       80%         3
 Mephitic Cloud           Conj/Pois/Air  0%         N/A       80%         3
 Stone Arrow              Conj/Erth      0%         3d7       80%         3
 Summon Guardian Golem    Hex/Summ       0%         N/A       80%         3
 Fulminant Prism          Conj/Hex       0%         3d6       99%         4
 Iskenderun's Mystic Bla  Conj/Tloc      0%         2d3       99%         4
 Leda's Liquefaction      Hex/Erth       0%         N/A       99%         4
 Olgreb's Toxic Radiance  Pois           0%         N/A       99%         4
 Petrify                  Tmut/Erth      0%         N/A       99%         4
 Sticky Flame             Conj/Fire      0%         2d3       99%         4
 Summon Ice Beast         Ice/Summ       0%         N/A       99%         4
 Summon Lightning Spire   Summ/Air       0%         N/A       99%         4
 Bolt of Magma            Conj/Fire/Erth 0%         4d4       100%        5
 Fireball                 Conj/Fire      0%         3d3       100%        5
 Lee's Rapid Deconstruct  Erth           0%         3d5*      100%        5
 Metabolic Englaciation   Hex/Ice        0%         N/A       100%        5
 Yara's Violent Unravell  Hex/Tmut       0%         3d3       100%        5


Dungeon Overview and Level Annotations

Branches:
Dungeon (11/15)            Temple (1/1) D:6            Lair (6/6) D:9
 Shoals (0/4) Lair:4        Snake (0/4) Lair:3          Orc (0/2) D:10
  Slime: Lair:5-6

Altars:
Ashenzari
Cheibriados
Dithmenos
Elyvilon
Fedhas
Gozag
Hepliaklqana
Kikubaaqudgha
Makhleb
Nemelex Xobeh
Okawaru
Qazlal
Ru
Sif Muna
Trog
Uskayaw
Vehumet
Wu Jian
Xom
Yredelemnul
Zin
The Shining One
Lugonu

Shops:
D:5 (

Annotations:
D:7 1 runed translucent door, Cyko's ghost, novice TrBe
Lair:1 1 runed translucent door


Innate Abilities, Weirdness & Mutations

You are too large for most types of armour.
You have claws for hands.
Your natural rate of healing is unusually fast.
You are covered in fur. (AC +1)
You have tough skin. (AC +1)


Message History

You hit the wraith but do no damage.
The wraith is almost destroyed.
The wraith barely misses you.
You riposte.
You completely miss the wraith.
The wraith is almost destroyed.
The wraith hits you but does no damage.
You hit the wraith.
You destroy the wraith!
The Council accepts your kill.
A hornet comes into view.
The wraith hits you but does no damage.
You slash the wraith!
The wraith is heavily damaged.
The wraith completely misses you. The wraith hits you!
* * * LOW HITPOINT WARNING * * *
The wraith drains your vigour!
You feel as though you will be slow longer.
You slash the wraith! You claw the wraith, but do no damage.
The wraith is almost destroyed.
The wraith misses you. x2
You slice the wraith!!
You destroy the wraith!
The Council accepts your kill. The komodo dragon misses you.
You closely miss the komodo dragon.
The komodo dragon completely misses you.
You riposte.
You closely miss the komodo dragon. You claw the komodo dragon!
The komodo dragon is moderately wounded.
The komodo dragon bites you but does no damage.
You closely miss the komodo dragon.
The komodo dragon is moderately wounded.
The komodo dragon bites you!!
* * * LOW HITPOINT WARNING * * *
The komodo dragon closely misses you.
You riposte.
You hit the komodo dragon. Your claw misses the komodo dragon.
The komodo dragon is moderately wounded.
You hear an angry hiss.
The komodo dragon bites you!!
* * * LOW HITPOINT WARNING * * *
You feel yourself speed up. The komodo dragon bites you!!
You die...

.........††...P##
...............#
....y..P.P.....##
....l##.P##.....#
##WW####......#
###.##......##
##W....†..##
#.♣l.......#
#.♣.@≈..†...#
#..≈≈.......P#
#♣≈♣...≈≈.≈..#
P.≈.♣..≈.....#
.≈....≈≈.....#
.≈≈♣..≈≈≈≈..#
≈....≈.## ####
♣.≈.≈.≈....#####..##
♣
..≈....≈...#PP.#...


You could see a komodo dragon, a basilisk and 2 wraiths.

Vanquished Creatures
  Rupert (Lair:6)
  Kirke (Lair:4)
  Josephine (Lair:6)
  6 hydras
  Fannar (Lair:3)
  A boulder beetle (Lair:2)
  Erica (D:11)
  2 two-headed ogres (D:11)
  2 catoblepae
  16 death yaks
  Urug (Lair:5)
  3 skeletal warriors (D:11)
  A manticore (D:11)
  An orc sorcerer (D:8)
  6 black mambas
  11 cane toads
  2 gargoyles
  Maggie (Lair:1)
  10 komodo dragons
  4 rime drakes
  7 polar bears
  2 hornets
  Prince Ribbit (D:7)
  10 blink frogs
  Grinder (D:3)
  5 wyverns
  A shadow (D:11)
  3 wraiths
  3 hogs (Lair:4)
  45 yaks
  A basilisk (Lair:1)
  Menkaure (D:4)
  5 steam dragons
  An acid dragon (D:9)
  14 water moccasins
  Duvessa (D:7)
  An ice beast (D:6)
  An orc warrior (D:9)
  2 black bears
  A sky beast (D:7)
  2 necrophages
  13 wolves
  An ogre (D:5)
  3 centaurs
  4 boggarts (Lair:4)
  A phantom (D:6)
  A kobold brigand (D:10)
  9 bullfrogs
  A wyvern zombie (D:8)
  3 scorpions
  Dowan (D:7)
  A wyvern skeleton (D:6)
  8 killer bees
  4 wights (D:9)
  3 howler monkeys (D:8)
  5 centaur zombies
  3 hounds
  2 bullfrog skeletons (D:5)
  5 orc priests
  Crazy Yiuf (D:5)
  An iguana (D:4)
  Terence (D:3)
  4 orc wizards
  Natasha (twice) (D:3)
  6 hell rats (Lair:4)
  2 killer bee zombies
  A mummy (D:9)
  Robin (D:4)
  13 gnolls
  6 adders
  A white imp (D:8)
  An ufetubus (D:5)
  An adder skeleton (D:5)
  A worm (D:3)
  2 dart slugs
  18 orcs
  6 bats
  A bat zombie (D:6)
  12 endoplasms
  2 giant cockroaches
  11 hobgoblins
  3 quokkas
  7 ball pythons
  5 frilled lizards
  12 goblins
  9 kobolds
  3 rats
  3 rat zombies (D:6)
384 creatures vanquished.

Vanquished Creatures (others)
  24 fungi
  62 plants
  9 toadstools (Lair:1)
  2 withered plants (D:7)
97 creatures vanquished.

Grand Total: 481 creatures vanquished

Notes
Turn   | Place    | Note
-------+----------+-------------------------------------------
     0 | D:1      | siradein the Troll Hunter began the quest for the Orb.
     0 | D:1      | Reached XP level 1. HP: 19/19 MP: 0/0
   163 | D:1      | Reached XP level 2. HP: 26/27 MP: 1/1
   207 | D:1      | Reached skill level 1 in Slings
   207 | D:1      | Reached skill level 1 in Unarmed Combat
   619 | D:2      | Reached XP level 3. HP: 33/33 MP: 2/2
   776 | D:2      | Found a faded altar of an unknown god.
   859 | D:2      | You fall into a shaft and drop 2 floors!
   879 | D:4      | Reached skill level 2 in Unarmed Combat
   879 | D:4      | Reached XP level 4. HP: 41/41 MP: 3/3
   966 | D:4      | Reached XP level 5. HP: 47/48 MP: 4/4
  1018 | D:4      | Reached skill level 3 in Unarmed Combat
  1058 | D:4      | Noticed Robin
  1064 | D:4      | Killed Robin
  1200 | D:4      | Noticed a necrophage
  1209 | D:4      | Killed a necrophage
  1210 | D:4      | Reached XP level 6. HP: 55/55 MP: 5/5
  1248 | D:4      | Reached skill level 4 in Unarmed Combat
  1297 | D:4      | Noticed Menkaure
  1308 | D:4      | Killed Menkaure
  1582 | D:3      | Noticed Grinder
  1589 | D:3      | Paralysed by Grinder for 7 turns
  1606 | D:3      | Killed Grinder
  1607 | D:3      | Reached skill level 5 in Unarmed Combat
  1607 | D:3      | Reached XP level 7. HP: 47/62 MP: 6/6
  1756 | D:3      | Found an iron altar of Okawaru.
  1773 | D:3      | Noticed Terence
  1782 | D:3      | Killed Terence
  1799 | D:3      | Noticed Natasha
  1803 | D:3      | Killed Natasha
  2074 | D:3      | Noticed Natasha
  2083 | D:3      | Killed Natasha
  3028 | D:5      | Entered Level 5 of the Dungeon
  3068 | D:5      | Reached skill level 6 in Unarmed Combat
  3085 | D:5      | Found Zoemaf's Weapon Boutique.
  3137 | D:5      | Found a shadowy altar of Dithmenos.
  3199 | D:5      | Reached XP level 8. HP: 70/70 MP: 7/7
  3363 | D:5      | Found an ornate altar of the Wu Jian Council.
  3510 | D:5      | Found a runed translucent door.
  3511 | D:5      | Noticed Crazy Yiuf
  3815 | D:5      | Killed Crazy Yiuf
  3948 | D:6      | Reached skill level 1 in Armour
  3967 | D:6      | Reached skill level 1 in Evocations
  3990 | D:6      | Found an ancient bone altar of Kikubaaqudgha.
  4057 | D:6      | Found a staircase to the Ecumenical Temple.
  4071 | Temple   | Entered the Ecumenical Temple
  4185 | D:5      | Became a worshipper of the Wu Jian Council
  4229 | D:6      | Found a blossoming altar of Fedhas.
  4261 | D:6      | Found a burning altar of Makhleb.
  4262 | D:6      | Noticed a balrug
  4290 | D:6      | Found a shimmering blue altar of Sif Muna.
  4314 | D:6      | Found a glowing silver altar of Zin.
  4314 | D:6      | Noticed an angel
  4851 | D:7      | Noticed Prince Ribbit
  4945 | D:7      | Noticed Dowan
  4946 | D:7      | Noticed Duvessa
  4954 | D:7      | Killed Duvessa
  4955 | D:7      | Reached skill level 7 in Unarmed Combat
  4957 | D:7      | Killed Dowan
  5020 | D:7      | Killed Prince Ribbit
  5021 | D:7      | Reached XP level 9. HP: 62/81 MP: 8/8
  5344 | D:7      | Found a runed translucent door.
  5344 | D:7      | Noticed Cyko's ghost (novice TrBe)
  5674 | D:8      | Found a sacrificial altar of Ru.
  5683 | D:8      | Found an opulent altar of Gozag.
  5740 | D:8      | Noticed an orc sorcerer
  5757 | D:8      | Killed an orc sorcerer
  6053 | D:8      | Found a stormy altar of Qazlal.
  6058 | D:8      | Found a broken altar of Ashenzari.
  6062 | D:8      | Found a sparkling altar of Nemelex Xobeh.
  6132 | D:8      | Identified the +9 long sword of Rotation {flame, rElec rN+}
  6456 | D:9      | Reached * piety under Wu Jian
  6508 | D:9      | Paralysed by a hornet for 2 turns
  6512 | D:9      | Reached skill level 8 in Unarmed Combat
  6512 | D:9      | Reached XP level 10. HP: 31/93 MP: 9/9
  6570 | D:9      | Found a staircase to the Lair.
  6595 | D:9      | Found a glowing golden altar of the Shining One.
  6752 | D:9      | Found a snail-covered altar of Cheibriados.
  7526 | D:10     | Entered Level 10 of the Dungeon
  7536 | D:10     | Noticed a gargoyle
  7580 | D:9      | Reached skill level 5 in Fighting
  7584 | D:9      | Killed a gargoyle
  7585 | D:9      | Reached skill level 5 in Dodging
  7762 | D:10     | Reached ** piety under Wu Jian
  7792 | D:10     | Reached skill level 5 in Armour
  7795 | D:10     | Reached skill level 9 in Unarmed Combat
  7920 | D:10     | Found a staircase to the Orcish Mines.
  8053 | D:10     | Found a hide-covered altar of Uskayaw.
  8065 | D:10     | Reached XP level 11. HP: 104/104 MP: 10/10
  8260 | D:10     | Reached skill level 5 in Evocations
  8260 | D:10     | Reached XP level 12. HP: 115/115 MP: 11/11
  8498 | D:11     | Noticed Erica
  8498 | D:11     | Noticed a two-headed ogre
  8544 | D:11     | Noticed a two-headed ogre
  8549 | D:11     | Killed a two-headed ogre
  8692 | D:11     | Reached skill level 10 in Unarmed Combat
  9099 | D:11     | Killed Erica
  9320 | D:11     | Killed a two-headed ogre
  9410 | D:11     | Noticed a five-headed hydra
  9419 | D:11     | Killed a one-headed hydra
  9678 | Lair:1   | Entered Level 1 of the Lair of Beasts
  9828 | Lair:1   | Identified the Collected Works on Ignition
 10013 | Lair:1   | Noticed a six-headed hydra
 10026 | Lair:1   | Killed a two-headed hydra
 10139 | Lair:1   | Noticed a catoblepas
 10139 | Lair:1   | Noticed a dire elephant
 10161 | Lair:1   | Found a runed translucent door.
 10257 | Lair:1   | Noticed Maggie
 10270 | Lair:1   | Killed Maggie
 10277 | Lair:1   | Reached *** piety under Wu Jian
 10887 | Lair:2   | You fall into a shaft and drop 1 floor!
 10888 | Lair:3   | Noticed a boulder beetle
 10922 | Lair:2   | Killed a boulder beetle
 10967 | Lair:2   | Noticed a five-headed hydra
 10969 | Lair:2   | Reached XP level 13. HP: 127/127 MP: 12/12
 10981 | Lair:2   | Reached skill level 1 in Long Blades
 11128 | Lair:2   | Reached skill level 11 in Unarmed Combat
 11266 | Lair:2   | Identified the Papyrus of the Sneaky Servitors
 11954 | Lair:3   | Found a staircase to the Snake Pit.
 11965 | Lair:3   | Reached **** piety under Wu Jian
 12257 | Lair:3   | Noticed Fannar
 12282 | Lair:3   | Killed Fannar
 13233 | Lair:3   | Identified a scroll of acquirement
 13452 | Lair:3   | Reached XP level 14. HP: 94/137 MP: 7/13
 13978 | Lair:4   | Reached ***** piety under Wu Jian
 14345 | Lair:4   | Found a staircase to the Shoals.
 14428 | Lair:4   | Noticed Kirke
 14437 | Lair:4   | Killed Kirke
 14908 | Lair:5   | Noticed Urug
 14930 | Lair:5   | Killed Urug
 15118 | Lair:5   | Reached skill level 12 in Unarmed Combat
 15771 | Lair:6   | Entered Level 6 of the Lair of Beasts
 15771 | Lair:6   | Noticed Rupert
 15819 | Lair:6   | Killed Rupert
 16082 | Lair:6   | Noticed Josephine
 16097 | Lair:6   | Killed Josephine
 16098 | Lair:6   | Reached skill level 5 in Long Blades
 16108 | Lair:6   | HP: 1/129 [komodo dragon (26)]
 16110 | Lair:6   | Demolished by a komodo dragon

Illustrated notes

Levels and vault maps discovered:
D:1:      minmay_arrival_four_circles, layout_basic, minivault_14,
          chequers_mini_garden
D:2:      layout_loops_ring, ebering_ecumenical_altar_abandoned
D:3:      layout_basic, general_overflow_altar, uniq_terence, uniq_natasha,
          uniq_grinder
D:4:      layout_basic, uniq_menkaure, uniq_robin
D:5:      layout_loops_ring, nzn_wu_jian_contemplation, old_standard_altar,
          serial_shops, kennysheep_mini_moat, hangedman_decor_clover_reticule,
          uniq_crazy_yiuf_cottage
D:6:      layout_rooms, grunt_temple_overflow_order_and_chaos_2,
          lemuel_blue_sif_altar, lemuel_zombie_altar_kikubaaqudgha,
          fedhas_altar_3, minmay_temple_entry_junction, lemuel_flame_loot_1
D:7:      layout_loops_corners, gammafunk_ghost_grave, moated_statue,
          uniq_prince_ribbit1, uniq_duvessa
D:8:      cheibrodos_wizards_tower, layout_rooms, amcnicky_altar_gilded,
          minmay_overflow_temple_star_quad, nicolae_gozag_seed_capital,
          roderic_roman_lattice, grunt_ministairs_15
D:9:      layout_grid_maze, lemuel_doored_altar, slow_altar_1, lair_entry_dummy,
          grunt_ministairs_5
D:10:     layout_cave_pools, nicolae_uskayaw_dance_hall, orc_0_dummy
D:11:     layout_long_grid, uniq_erica
Temple:   corrupted_temple
Lair:1:   gammafunk_lair_enchanted_lake, layout_cave_pods, uniq_maggie
Lair:2:   layout_loops_ring
Lair:3:   layout_hall_layers, minmay_snake_entry_six_corridors, minivault_23,
          uniq_fannar
Lair:4:   layout_hall_layers, shoals_dummy_entry, kilobyte_rumbling_trees,
          grunt_megastairs_5, lemuel_fruit_tree, uniq_kirke
Lair:5:   layout_loops_ring, uniq_urug
Lair:6:   gammafunk_lair_ancient_temple, layout_hall_layers,
          minmay_slime_entry_pillars, serial_rivers,
          chequers_serial_rivers_marsh, chequers_serial_rivers_large_b,
          chequers_serial_rivers_micro_b, chequers_serial_rivers_marsh,
          minmay_lair_oklob_chamber, uniq_rupert, uniq_josephine

Skill      XL: |  1  2  3  4  5  6  7  8  9 10 11 12 13 14 |
---------------+-------------------------------------------+-----
Slings         | 1 2 3 4 |  4.6
Unarmed Combat | 1 2 3 5 6 7 8 9 10 11 12 | 12.2
Dodging        | 3 4 5 6 7 8 9 |  9.2
Fighting       | 3 4 5 6 7 8 9 |  9.2
Armour         | 2 3 5 6 7 8 9 |  9.0
Evocations     | 2 3 4 5 6 7 8 |  8.3
Long Blades    | 3 5 |  5.0
Throwing       | |  3.6
Stealth        | |  0.3

Action                   |  1- 3 |  4- 6 |  7- 9 | 10-12 | 13-15 || total
-------------------------+-------+-------+-------+-------+-------++-------
Melee: Unarmed           |    97 |   107 |   353 |   403 |   667 ||  1627
       Punch             |       |       |     6 |    27 |    74 ||   107
       Long sword        |       |       |       |     9 |    19 ||    28
       Double sword      |       |       |       |       |   117 ||   117
Throw: Stone             |       |     9 |    21 |     6 |       ||    36
       Dart              |       |       |     6 |       |       ||     6
Invok: Lunge             |       |       |    11 |    22 |    32 ||    65
       Whirlwind         |       |       |       |     5 |    16 ||    21
 Abil: Wall Jump         |       |       |       |     1 |     3 ||     4
  Use: Scroll            |       |       |     6 |     9 |    12 ||    27
       Potion            |       |       |     4 |     1 |     4 ||     9
 Stab: Sleeping          |     1 |       |     2 |       |     2 ||     5
Armor: Robe              |    37 |    26 |   128 |   120 |   148 ||   459
Dodge: Dodged            |    45 |    66 |   158 |   342 |   717 ||  1328
       Rpst.: Long sword |       |       |       |     4 |     8 ||    12
       Double sword      |       |       |       |       |    42 ||    42

Table legend: (Time is in decaauts)
 A = Elapsed time spent in this place.
 B = Non-inter-level travel time spent in this place.
 C = Inter-level travel time spent in this place.
 D = Time resting spent in this place.
 E = Time spent auto-exploring this place.
 F = Levels seen in this place.
 G = Mean time per level.
                   A        B        C        D        E       F      G
               +--------+--------+--------+--------+--------+-----+--------+
         Total |  15975 |  15179 |    796 |    264 |  11358 |  18 |  887.5 |
       Dungeon |   9535 |   8904 |    631 |    108 |   6749 |  11 |  866.8 |
        Temple |     54 |     53 |      1 |      0 |     30 |   1 |   54.0 |
          Lair |   6385 |   6221 |    164 |    156 |   4579 |   6 | 1064.2 |
               +--------+--------+--------+--------+--------+-----+--------+

Top non-repeatable levels by time:
  Lair:3: 1752 daAuts
  Lair:4: 1239 daAuts
     D:9: 1227 daAuts
  Lair:1: 1181 daAuts
    D:11: 1096 daAuts
     D:7: 1035 daAuts
  Lair:2: 963 daAuts
     D:3: 945 daAuts
     D:5: 913 daAuts
  Lair:5: 875 daAuts
     D:8: 834 daAuts
     D:4: 806 daAuts
    D:10: 711 daAuts
     D:2: 690 daAuts
     D:6: 658 daAuts
